AoeStats
← baush

Highland

506603772Analyzed
4v4 RM · 19d ago on Sep 14, 2026· 91m 7s· 8 players
Game mode
Random Map
Map size
Large (8 player)
Population
200
Speed
Normal
Resources
Standard
Victory
Conquest
Starting age
Dark Age
Ending age
Imperial Age
RankedLock teamsTeams togetherTeam positionsShared explorationLock speedFull tech treeHidden civsTurbo modeCheats
Victory
Defeat
🇨🇳 Persians · China
840
+13
🇦🇺 Spanish · Australia
804
+14
🇮🇳 Saracens · India
756
+16
🇭🇰 Mongols · Hong Kong SAR China
732
+27
🇪🇸 Spanish · Spain
877
-20
🇬🇧 Persians · United Kingdom
734
-14
🇫🇷 Huns · France
713
-13
🇰🇼 Slavs · Kuwait
712
-13
baush
12:03 Feudal Age
13:10 Horse Collar
13:17 Double-Bit Axe
20:08 Castle Age
20:52 Bow Saw
20:46 Heavy Plow
23:47 Fishing Lines
32:29 Imperial Age
36:38 Crop Rotation
36:05 Stone Mining
36:59 Conscription
39:06 Wheelbarrow
38:16 Town Watch
38:16 Loom
38:39 Caravan
40:11 Husbandry
40:21 Bloodlines
40:55 Hand Cart
42:01 Conscription
43:49 Town Patrol
45:55 Light Cavalry
46:46 Elite War Elephant
47:37 Citadels
48:52 Hussar
56:06 Forging
56:01 Scale Barding Armor
59:52 Pikeman
60:32 Squires
60:19 Arson
61:19 Iron Casting
61:05 Chain Barding Armor
61:11 Chain Barding Armor
61:02 Scale Mail Armor
60:54 Fletching
61:06 Padded Archer Armor
64:13 Blast Furnace
63:52 Plate Barding Armor
63:36 Chain Mail Armor
63:16 Bodkin Arrow
65:59 Guilds
65:28 Halberdier
66:32 Gold Mining
67:17 Stone Shaft Mining
67:05 Leather Archer Armor
67:20 Plate Mail Armor
71:56 Two-Man Saw
75:51 Heavy Scorpion
86:32 Ring Archer Armor
86:46 Ballistics
87:27 Chemistry
86:39 Masonry
86:24 Murder Holes
86:21 Guard Tower
86:17 Cavalier
86:19 Heavy Camel Rider
89:03 Heated Shot
MachTerran
4:38 Loom
13:26 Feudal Age
16:15 Horse Collar
23:59 Castle Age
22:25 Padded Archer Armor
22:16 Fletching
23:55 Double-Bit Axe
24:59 Caravan
25:13 Fishing Lines
29:39 Wheelbarrow
33:45 Medium Warships
33:16 Elite Skirmisher
37:32 Imperial Age
35:22 Leather Archer Armor
35:02 Bodkin Arrow
39:51 Heavy Plow
40:05 Bow Saw
41:16 Chemistry
40:36 Ballistics
40:14 Stone Mining
40:14 Gold Mining
42:01 Husbandry
42:48 Stone Shaft Mining
42:33 Hand Cart
43:16 Bloodlines
43:34 Bracer
44:04 Ring Archer Armor
43:49 Forging
43:39 Scale Mail Armor
43:48 Scale Barding Armor
43:59 Elite Cannon Galleon
49:22 Arrowslits
49:46 Cavalier
50:56 Pikeman
52:01 Halberdier
52:44 Squires
57:07 Chain Barding Armor
57:23 Iron Casting
56:20 Paladin
60:31 Elite Conquistador
61:37 Conscription
62:07 Plate Barding Armor
62:33 Blast Furnace
61:34 Scale Mail Armor
75:06 Gambesons
74:44 Man-at-Arms
79:10 Long Swordsman
80:14 Two-Handed Swordsman
80:33 Elite Conquistador
81:09 Champion
BLYAAAT
10:53 Feudal Age
12:27 Horse Collar
12:34 Double-Bit Axe
21:45 Castle Age
20:01 Stone Mining
25:54 Heavy Plow
26:05 Bow Saw
33:57 Imperial Age
34:12 Wheelbarrow
34:57 Caravan
36:17 Scale Barding Armor
36:22 Forging
36:15 Husbandry
36:25 Bloodlines
37:49 Chemistry
38:13 Chain Barding Armor
38:32 Iron Casting
38:24 Elite Mameluke
39:45 Conscription
40:19 Coinage
41:32 Blast Furnace
41:07 Plate Barding Armor
41:13 Plate Barding Armor
44:28 Banking
45:51 Hand Cart
56:29 Ballistics
56:05 Murder Holes
56:20 Fortified Wall
John Rambo
5:14 Loom
10:38 Feudal Age
11:45 Double-Bit Axe
11:41 Horse Collar
19:07 Castle Age
19:02 Gold Mining
21:00 Bow Saw
23:49 Bow Saw
24:46 Heavy Plow
25:33 Murder Holes
26:51 Fletching
27:01 Padded Archer Armor
29:15 Bodkin Arrow
29:35 Leather Archer Armor
31:26 Wheelbarrow
30:55 Town Watch
35:18 Imperial Age
33:04 Hand Cart
33:43 Ballistics
36:28 Gold Shaft Mining
36:30 Parthian Tactics
35:41 Elite Mangudai
36:42 Conscription
36:32 Bracer
40:02 Chemistry
39:13 Masonry
41:30 Husbandry
40:57 Onager
42:33 Stone Mining
43:00 Bloodlines
43:08 Forging
43:03 Scale Barding Armor
43:31 Drill
43:39 Nomads
43:47 Capped Ram
45:02 Siege Ram
45:31 Light Cavalry
49:59 Arson
50:14 Squires
49:35 Pikeman
52:48 Iron Casting
52:15 Scale Mail Armor
55:28 Blast Furnace
54:43 Chain Mail Armor
57:33 Plate Mail Armor
64:17 Caravan
65:45 Fortified Wall
72:19 Siege Onager
BOOSON 8
0:31 Loom
17:09 Feudal Age
21:30 Horse Collar
21:38 Double-Bit Axe
21:49 Gold Mining
21:49 Stone Mining
26:52 Castle Age
25:29 Wheelbarrow
31:50 Caravan
36:43 Imperial Age
36:32 Heavy Plow
36:46 Bow Saw
40:10 Coinage
40:31 Gold Shaft Mining
40:31 Stone Shaft Mining
40:02 Elite War Elephant
41:04 Conscription
41:35 Hand Cart
47:06 Two-Man Saw
47:09 Chemistry
46:22 Forging
46:18 Scale Barding Armor
46:03 Fletching
46:13 Padded Archer Armor
46:14 Scale Mail Armor
46:19 Kamandaran
46:36 Pikeman
47:02 Gambesons
47:17 Squires
47:03 Arson
48:29 Guilds
49:07 Banking
53:06 Crop Rotation
55:20 Halberdier
58:29 Iron Casting
58:14 Chain Barding Armor
57:49 Bodkin Arrow
58:09 Leather Archer Armor
58:10 Chain Mail Armor
64:59 Blast Furnace
64:34 Plate Barding Armor
64:30 Ring Archer Armor
64:31 Plate Mail Armor
64:23 Ballistics
63:54 Heated Shot
64:16 Masonry
63:57 Guard Tower
64:03 Murder Holes
86:20 Hoardings
85:15 Sappers
CraminiNagini
11:13 Feudal Age
16:31 Castle Age
14:58 Double-Bit Axe
16:50 Horse Collar
18:03 Wheelbarrow
24:21 Padded Archer Armor
25:04 Loom
29:15 Leather Archer Armor
29:03 Caravan
42:11 Hand Cart
41:58 Heavy Plow
42:10 Bow Saw
SosoAllstar
8:28 Loom
10:56 Feudal Age
11:50 Double-Bit Axe
11:51 Horse Collar
17:52 Forging
17:47 Scale Barding Armor
22:14 Castle Age
21:34 Stone Mining
21:38 Gold Mining
23:09 Bow Saw
24:51 Wheelbarrow
24:24 Heavy Plow
27:24 Bloodlines
27:16 Husbandry
27:59 Iron Casting
27:44 Chain Barding Armor
29:41 Hand Cart
31:56 Caravan
37:26 Imperial Age
36:05 Masonry
37:49 Town Watch
37:34 Light Cavalry
37:40 Elite Tarkan
38:42 Atheism
38:44 Conscription
38:36 Marauders
40:14 Two-Man Saw
40:05 Gold Shaft Mining
39:32 Cavalier
40:47 Paladin
41:24 Hussar
48:02 Blast Furnace
47:49 Plate Barding Armor
TarekRD
8:16 Loom
11:24 Feudal Age
13:07 Wheelbarrow
12:23 Double-Bit Axe
12:20 Horse Collar
19:39 Castle Age
19:35 Town Watch
23:51 Bow Saw
24:58 Heavy Plow
28:04 Hand Cart
27:50 Town Patrol
32:32 Imperial Age
31:16 Fletching
31:26 Padded Archer Armor
31:37 Forging
31:27 Scale Mail Armor
31:32 Scale Barding Armor
32:06 Gold Mining
32:06 Stone Mining
32:24 Bodkin Arrow
33:00 Squires
32:20 Pikeman
32:20 Man-at-Arms
35:10 Two-Man Saw
34:38 Detinets
35:17 Gold Shaft Mining
36:32 Leather Archer Armor
36:52 Iron Casting
36:37 Chain Barding Armor
36:32 Chain Mail Armor
37:42 Ballistics
37:18 Murder Holes
37:33 Fortified Wall
38:25 Crop Rotation
39:19 Fortified Wall
40:10 Chemistry
40:57 Ring Archer Armor
41:28 Blast Furnace
40:58 Plate Mail Armor
41:03 Plate Barding Armor
41:22 Caravan
42:15 Husbandry
42:25 Bloodlines
42:52 Halberdier
42:52 Long Swordsman
42:56 Elite Skirmisher
42:56 Crossbowman
43:14 Elite Boyar
45:03 Druzhina
45:25 Conscription
46:01 Hoardings
45:58 Elite Skirmisher
46:58 Halberdier
47:02 Cavalier
48:55 Sappers
50:10 Heavy Cavalry Archer
59:29 Crossbowman
59:31 Long Swordsman
60:25 Masonry
60:05 Guard Tower
62:58 Onager
63:54 Two-Handed Swordsman
65:04 Heavy Scorpion
67:27 Coinage
67:35 Capped Ram
69:04 Siege Onager
69:04 Siege Ram
71:29 Siege Ram
72:21 Light Cavalry
72:23 Champion
Connection lost

Rejoining the realm…

Still unreachable

The connection could not be restored.

Session expired

The server has moved on; the page needs a fresh start.